 Dungeon Crawl Stone Soup version 0.30-a0-54-g2e61a25929 (webtiles) character file.

Game seed: 14776568036572117467

229 Newt the Shooter (level 6, -6/40 HPs)
             Began as a Kobold Hunter on Sept 8, 2022.
             Killed by divine providence
             ... invoked by an orc priest
              (14 damage)
             ... on level 3 of the Dungeon.
             The game lasted 00:02:28 (2863 turns).

Newt the Shooter (Kobold Hunter)                    Turns: 2863, Time: 00:02:29

Health: -6/40      AC:  3    Str:  8    XL:     6   Next: 23%
Magic:  2/2        EV: 15    Int: 11    God:
Gold:   128        SH:  0    Dex: 28    Spells: 5/5 levels left

rFire   . . .      SeeInvis .    b - +6 dagger "Subbueg" {antimagic, rC- Dex+8}
rCold   x . .      Faith    .    (no shield)
rNeg    . . .      Spirit   .    c - +0 leather armour
rPois   .          Reflect  .    (no helmet)
rElec   .          Harm     .    (no cloak)
rCorr   .          Rampage  .    (no gloves)
Will    .....                    (no boots)
Stlth   +++.......               (no amulet)
HPRegen 0.13/turn                (no ring)
MPRegen 0.08/turn                (no ring)

@: no status effects
A: small, no large weapons, nightstalker 3
a: no special abilities


You were on level 3 of the Dungeon.
You visited 1 branch of the dungeon, and saw 3 of its levels.

You collected 128 gold pieces.

Inventory:

Hand Weapons
 a - a +0 shortbow
 b - the +6 dagger "Subbueg" (weapon) {antimagic, rC- Dex+8}
   (You found it on level 2 of the Dungeon)

   It reduces the magical energy of the wielder, and disrupts the spells and
   magical abilities of those it strikes.
   Natural abilities and divine invocations are not affected.
   Dex:       It affects your dexterity (+8).
   rC:        It makes you vulnerable to cold.
Missiles
 e - 2 throwing nets
Armour
 c - a +0 leather armour (worn)
Scrolls
 m - a scroll of immolation
Potions
 d - 2 potions of invisibility
 g - a potion of might {unknown}
 h - a potion of haste
 j - a potion of curing
 k - a potion of mutation
 l - a potion of resistance {unknown}


   Skills:
 - Level 5.0 Fighting
 + Level 4.2 Short Blades
 - Level 6.0 Ranged Weapons
 - Level 2.4 Dodging
 - Level 1.3 Stealth


You had 5 spell levels left.
You didn't know any spells.
Your spell library was empty.

Dungeon Overview and Level Annotations

Branches:
Dungeon (3/15)

Altars:


Innate Abilities, Weirdness & Mutations

You are small and have problems with some larger weapons.
You are completely attuned to the shadows.


Message History

You hit the orc wizard.
You kill the orc wizard!
The orc priest hits you but does no damage.
Your Short Blades skill increases to level 4!
Unknown command.
You hit the hobgoblin.
You kill the hobgoblin!
The orc priest hits you from afar with a +0 trident.
* * * LOW HITPOINT WARNING * * *
Unknown command.
You feel much better.
The orc priest hits you but does no damage.
Unknown command.
You closely miss the goblin. You hit the goblin.
The goblin is severely wounded.
The goblin closely misses you. The orc priest barely misses you.
You hit the goblin.
You kill the goblin!
The orc priest hits you from afar with a +0 trident.
The orc priest barely misses you.
Items here: ))) [[ †††.
You puncture the orc priest!
The orc priest is severely wounded.
The orc priest misses you.
You barely miss the orc priest.
The orc priest is severely wounded.
The orc priest mumbles some strange prayers to Beogh against you.
Beogh smites you!
* * * LOW HITPOINT WARNING * * *
You hit the orc priest but do no damage.
The orc priest is severely wounded.
You hit the orc priest.
The orc priest is almost dead.
The orc priest misses you.
You barely miss the orc priest.
The orc priest is almost dead.
The orc priest mumbles some strange prayers to Beogh against you.
Beogh smites you!
You die...

*,,>*,,,,,,,,*#.#.#,* ##..#
*,,,*,,,,,,,,*#)#.#.# #..##
***,,,*,,,,,,,,*#.#.#.####.##
,,,,,,*,,,,,,,,*#.#.#.#....#
*******,,,,,,,,*#...#.#.####
*,,,,,,,,,,,.,,*###...#.#
*,*****,,,,,..,* #.#>..#
****** *,*
*,,,,,...####.##### *,,,,,
*,** *,,,,,...o@...# *,,,,,
,,,* *,,,,,....##### *,,,,,
,,,* *,,,,,....**<* *,,,,,
,,,*
******#...,,,*********,,,,,
,,,* #...,,,,,,,,,,,+,,,,,
,,,* *,,,,,,*********,,,,,
*,** *,,,,,,* *,,,,, *,*
*,,,,,,* *,,,,, *,*
*,,,,,,******* *,,,,,


You could see an orc priest.

Vanquished Creatures
  An ogre (D:2)
  2 orc wizards (D:3)
  4 adders (D:2)
  A worm (D:2)
  A dart slug (D:1)
  An orc (D:3)
  2 bats
  7 endoplasms
  2 giant cockroaches (D:1)
  7 goblins
  8 hobgoblins
  3 quokkas (D:2)
  3 ball pythons
  3 frilled lizards
  2 kobolds (D:1)
  4 rats (D:2)
51 creatures vanquished.

Notes
Turn   | Place    | Note
-------+----------+-------------------------------------------
     0 | D:1      | Newt the Kobold Hunter began the quest for the Orb.
     0 | D:1      | Reached XP level 1. HP: 12/12 MP: 1/1
   350 | D:1      | Reached XP level 2. HP: 14/17 MP: 2/2
   473 | D:1      | Reached skill level 6 in Ranged Weapons
  1197 | D:2      | Reached XP level 3. HP: 22/22 MP: 3/3
  1249 | D:2      | Identified the +6 dagger "Subbueg" {antimagic, rC- Dex+8}
  1450 | D:2      | Found a faded altar of an unknown god.
  1617 | D:2      | Reached XP level 4. HP: 29/29 MP: 4/4
  1640 | D:2      | Noticed an ogre
  1646 | D:2      | HP: 1/29 [ogre/+0 giant spiked club (7)]
  1647 | D:2      | Killed an ogre
  1648 | D:2      | Reached skill level 5 in Fighting
  1648 | D:2      | Reached XP level 5. HP: 1/35 MP: 5/5
  2835 | D:3      | Reached XP level 6. HP: 31/40 MP: 6/6
  2863 | D:3      | Killed from afar by an orc priest

Illustrated notes

Levels and vault maps discovered:
D:1:      amcnicky_arrival_double_pillar, layout_basic,
          hangedman_decor_clover_reticule
D:2:      layout_basic, basic_ecumenical_altar, minmay_close_crescents
D:3:      layout_basic, uniq_robin

Skill      XL: |  1  2  3  4  5  6 |
---------------+-------------------+-----
Ranged Weapons | 6 |  6.0
Fighting       | 3 5 |  5.0
Short Blades   | 2 3 4 |  4.2
Dodging        | |  2.4
Stealth        | |  1.3

Action                   |  1- 3 |  4- 6 || total
-------------------------+-------+-------++-------
Melee: Dagger            |       |    23 ||    23
 Fire: Shortbow          |    78 |    43 ||   121
  Use: Scroll            |       |     4 ||     4
       Potion            |       |     5 ||     5
Armor: Leather armour    |     6 |    11 ||    17
Dodge: Dodged            |    28 |    29 ||    57

Table legend: (Time is in decaauts)
 A = Elapsed time spent in this place.
 B = Non-inter-level travel time spent in this place.
 C = Inter-level travel time spent in this place.
 D = Time resting spent in this place.
 E = Time spent auto-exploring this place.
 F = Levels seen in this place.
 G = Mean time per level.
                   A        B        C        D        E       F      G
               +--------+--------+--------+--------+--------+-----+--------+
         Total |   2869 |   2796 |     73 |    750 |   1760 |   3 |  956.3 |
       Dungeon |   2869 |   2796 |     73 |    750 |   1760 |   3 |  956.3 |
               +--------+--------+--------+--------+--------+-----+--------+

Top non-repeatable levels by time:
     D:2: 1165 daAuts
     D:1: 1110 daAuts
     D:3: 593 daAuts
